 Dungeon Crawl Stone Soup version 0.26-a0-651-gb41185065b (webtiles) character file.

Game seed: 17982228237269073748

294 Irenicus the Carver (level 6, -8/52 HPs)
             Began as a Minotaur Chaos Knight on Oct 29, 2020.
             Was a Plaything of Xom.
             Mangled by a worker ant (11 damage)
             ... on level 4 of the Dungeon.
             The game lasted 00:04:51 (2217 turns).

Irenicus the Carver (Minotaur Chaos Knight)         Turns: 2217, Time: 00:04:52

Health: -8/52      AC:  7    Str: 16    XL:     6   Next: 11%
Magic:  5/5        EV: 10    Int:  9    God:    Xom [....*.]
Gold:   197        SH:  0    Dex: 12    Spells: 5/5 levels left

rFire    + . .     SeeInvis .   a - +0 falchion (chaos)
rCold    . . .     Faith    .   (no shield)
rNeg     . . .     Spirit   .   g - +2 ring mail {rF+}
rPois    .         Reflect  .   (helmet restricted)
rElec    .         Harm     .   (no cloak)
rCorr    .         Rampage  .   (no gloves)
MR       .....                  (no boots)
Stlth    +.........             (no amulet)
HPRegen  0.17/turn              (no ring)
MPRegen  0.09/turn              (no ring)

@: lethally poisoned (-8 -> -10), stab, invisible
A: retaliatory headbutt, horns 2
a: Renounce Religion


You were on level 4 of the Dungeon.
You worshipped Xom.
You were a beloved toy of Xom.
You visited 1 branch of the dungeon, and saw 4 of its levels.

You collected 197 gold pieces.

Inventory:

Hand Weapons
 a - a +0 falchion of chaos (weapon)
Armour
 g - a +2 ring mail of fire resistance (worn)
   (You found it on level 1 of the Dungeon)
Scrolls
 c - 2 scrolls of identify
 j - a scroll of remove curse
 l - a scroll of teleportation {unknown}
 n - a scroll of fear {unknown}
Potions
 b - 2 potions of stabbing
 d - a potion of flight {unknown}
 f - 2 potions of magic
 h - a potion of brilliance {unknown}
 k - a potion of berserk rage {unknown}
 m - a potion of heal wounds {unknown}


   Skills:
 - Level 4.0 Fighting
 + Level 8.1 Long Blades
 - Level 2.4 Armour
 - Level 1.1 Dodging


You had 5 spell levels left.
You didn't know any spells.
Your spell library contained the following spells:

 Spells                   Type           Power        Failure   Level
 Magic Dart               Conj           #...         58%         1
 Blink                    Tloc           N/A          75%         2
 Call Imp                 Summ           #.......     75%         2
 Slow                     Hex            #.......     75%         2
 Conjure Flame            Conj/Fire      #.......     92%         3
 Mephitic Cloud           Conj/Pois/Air  #.......     92%         3


Dungeon Overview and Level Annotations

Branches:
Dungeon (4/15)
 Temple: D:4-7

Altars:


Innate Abilities, Weirdness & Mutations

You reflexively headbutt those who attack you in melee.
You have a pair of horns on your head.


Message History

You hit the adder but do no damage. The adder bites you but does no damage.
You closely miss the adder. You headbutt the adder.
The adder is lightly wounded.
The adder barely misses you.
You hit the adder but do no damage. Your headbutt misses the adder.
The adder is lightly wounded.
The adder bites you.
You are more poisoned.
The adder poisons you!
You take 3 damage, and have 31/52 hp.
You slash the adder! Lightning courses through the adder!
You kill the adder!
You feel sick.
You see here an adder corpse.
You feel sick.
You take 1 damage, and have 30/52 hp.
You feel sick.
You take 1 damage, and have 29/52 hp.
You feel sick.
You feel sick.
You feel sick.
You feel sick.
You enter the shallow water.
Moving in this stuff is going to be slow.
You feel sick.
You are no longer poisoned.
You see here an adder corpse.
As you open the door, it creaks loudly!
There is an open door here.
You now have 197 gold pieces (gained 9).
n - a scroll labeled CEHOETW VYTZOE You regained 6 hp, and now have 35/52 hp.
A worker ant comes into view.
The worker ant twitches its antennae in your direction.
The worker ant bites you!
You take 7 damage, and have 29/52 hp.
You closely miss the worker ant. The worker ant bites you.
You hit the worker ant but do no damage.
The worker ant bites you but does no damage.
The worker ant bites you.
You take 3 damage, and have 26/52 hp.
You completely miss the worker ant.
You headbutt the worker ant, but do no damage.
The worker ant barely misses you.
You riposte.
You hit the worker ant but do no damage.
The worker ant flickers and vanishes!
Deactivating autopickup; reactivate with Ctrl-A.
Xom is highly amused!
You hit something but do no damage. Something bites you.
You are poisoned.
Something poisons you!
You take 4 damage, and have 22/52 hp.
You hit something.
You feel sick. Something bites you but does no damage.
You take 1 damage, and have 21/52 hp.
You hit something but do no damage. Your headbutt misses something.
Something bites you.
You take 5 damage, and have 16/52 hp.
You barely miss something.
You feel sick.
Something bites you but does no damage. x2
You take 1 damage, and have 15/52 hp.
You barely miss something. You headbutt something! Something bites you.
* * * LOW HITPOINT WARNING * * *
You take 2 damage, and have 13/52 hp.
You closely miss something. Something bites you!
* * * LOW HITPOINT WARNING * * *
You are lethally poisoned!
Something poisons you! Something bites you.
* * * LOW HITPOINT WARNING * * *
You are more poisoned.
Something poisons you!
You take 12 damage, and have 1/52 hp.
MASSIVE DAMAGE!!
You feel better. Something bites you.
* * * LOW HITPOINT WARNING * * *
You are lethally poisoned!
Something poisons you! Something bites you but does no damage.
You regained 5 hp, and now have 6/52 hp.
You feel better. Something bites you.
* * * LOW HITPOINT WARNING * * *
Something bites you but does no damage.
You regained 9 hp, and now have 15/52 hp.
It was a potion of stabbing.
You feel ready to backstab.
Xom roars with laughter!
Something bites you!
* * * LOW HITPOINT WARNING * * *
You are poisoned.
Something poisons you!
You take 8 damage, and have 7/52 hp.
You miss something. Your headbutt misses something.
You feel sick.
Something bites you but does no damage. x2
You take 1 damage, and have 6/52 hp.
You barely miss something. Something bites you but does no damage.
Something bites you.
* * * LOW HITPOINT WARNING * * *
You take 2 damage, and have 4/52 hp.
It was a potion of invisibility.
You fade into invisibility!
* * * LOW HITPOINT WARNING * * *
You feel sick. Something bites you!
You die...

..........#
#.........#
#.........#
#.........#
#.........#
#.........#
#.........#
#.........#
#......@..#
#.#####.{....#
#.# #......#
#.# #......#
#.#########.##
#.........#.#
#########.# #
#.#
######.#+####


There were no monsters in sight!

Vanquished Creatures
  Menkaure (D:4)
  Terence (D:2)
  An orc wizard (D:3)
  5 adders
  2 worms
  A dart slug (D:1)
  A leopard gecko (D:2)
  4 orcs (D:3)
  6 bats
  3 giant cockroaches
  6 goblins
  5 hobgoblins
  6 jackals
  2 quokkas (D:2)
  7 frilled lizards
  9 kobolds
  A leopard gecko skeleton (D:2)
  9 rats
70 creatures vanquished.

Vanquished Creatures (others)
  An ogre (D:4)
  6 plants (D:4)
7 creatures vanquished.

Grand Total: 77 creatures vanquished

Notes
Turn   | Place    | Note
-------+----------+-------------------------------------------
     0 | D:1      | Irenicus the Minotaur Chaos Knight began the quest for the
                  | Orb.
     0 | D:1      | Reached XP level 1. HP: 19/19 MP: 0/0
   240 | D:1      | Reached skill level 4 in Fighting
   240 | D:1      | Reached skill level 4 in Long Blades
   344 | D:1      | Reached XP level 2. HP: 25/27 MP: 1/1
   400 | D:1      | XOM: divination: detect creatures
   608 | D:1      | XOM: divination: detect creatures
   737 | D:2      | Reached XP level 3. HP: 33/33 MP: 2/2
   767 | D:2      | Reached skill level 5 in Long Blades
   892 | D:2      | XOM: cloud trail
   906 | D:2      | Noticed Terence
   932 | D:2      | XOM: divination: detect creatures
   981 | D:2      | Killed Terence
   996 | D:2      | XOM: divination: magic mapping
   996 | D:2      | Reached XP level 4. HP: 26/40 MP: 3/3
  1020 | D:2      | Reached skill level 6 in Long Blades
  1041 | D:2      | XOM: summons 3 hostile demons
  1044 | D:2      | HP: 4/40 [white imp/puff of frost[Xom] (7)]
  1050 | D:2      | HP: 6/40 [white imp/puff of frost[Xom] (2)]
  1390 | D:3      | Reached XP level 5. HP: 25/46 MP: 4/4
  1707 | D:3      | Reached skill level 7 in Long Blades
  1708 | D:3      | XOM: god gift: 10 stones
  1709 | D:3      | XOM: 4-stop teleportation journey
  2107 | D:4      | Noticed an ogre
  2108 | D:4      | XOM: destruction
  2111 | D:4      | Killed an ogre
  2119 | D:4      | Noticed Menkaure
  2124 | D:4      | XOM: smoke on damage
  2127 | D:4      | Killed Menkaure
  2127 | D:4      | Reached skill level 8 in Long Blades
  2127 | D:4      | Reached XP level 6. HP: 39/52 MP: 5/5
  2210 | D:4      | HP: 13/52 [something (3)]
  2211 | D:4      | HP: 4/52 [something (9)]
  2211 | D:4      | HP: 1/52 [something (3)]
  2216 | D:4      | HP: 4/52 [something (3)]
  2217 | D:4      | Mangled by a worker ant

Illustrated notes

Levels and vault maps discovered:
D:1:      zelgadis_glass_arrival_small, layout_basic, glass_columns_a
D:2:      layout_basic, minmay_tetromino_s4, uniq_terence
D:3:      layout_basic
D:4:      layout_basic, kennysheep_little_box, serial_bayou_ford_a,
          uniq_menkaure

Skill      XL: |  1  2  3  4  5 |
---------------+----------------+-----
Fighting       | 4 |  4.0
Long Blades    | 4 5 6 8 |  8.1
Armour         | |  2.4
Dodging        | |  1.1

Action                   |  1- 3 |  4- 6 || total
-------------------------+-------+-------++-------
Melee: Falchion          |    71 |   108 ||   179
       Headbutt          |    10 |    19 ||    29
  Use: Potion            |     1 |     5 ||     6
       Scroll            |     1 |     1 ||     2
 Stab: Paralysed         |     1 |       ||     1
       Petrifying        |       |     1 ||     1
Armor: Leather armour    |    13 |       ||    13
       Ring mail         |    21 |    56 ||    77
Dodge: Dodged            |    46 |    75 ||   121
       Rpst.: Falchion   |    13 |    16 ||    29

Table legend: (Time is in decaauts)
 A = Elapsed time spent in this place.
 B = Non-inter-level travel time spent in this place.
 C = Inter-level travel time spent in this place.
 D = Time resting spent in this place.
 E = Time spent auto-exploring this place.
 F = Levels seen in this place.
 G = Mean time per level.
                   A        B        C        D        E       F      G
               +--------+--------+--------+--------+--------+-----+--------+
         Total |   2232 |   2135 |     97 |      8 |   1550 |   4 |  558.0 |
       Dungeon |   2232 |   2135 |     97 |      8 |   1550 |   4 |  558.0 |
               +--------+--------+--------+--------+--------+-----+--------+

Top non-repeatable levels by time:
     D:3: 849 daAuts
     D:1: 679 daAuts
     D:2: 557 daAuts
     D:4: 146 daAuts

Table legend:
 A = Kills in this place as a percentage of kills in entire the game.
 B = Kills by you in this place as a percentage of kills by you in the entire game.
 C = Kills by friends in this place as a percentage of kills by friends in the entire game.
 D = Other kills in this place as a percentage of other kills in the entire game.
 E = Experience gained in this place as a percentage of experience gained in the entire game.
 F = Experience gained in this place divided by the number of levels of this place that you have seen.
                   A       B       C       D       E      F
               +-------+-------+-------+-------+-------+----------------------
         Total | 100.0 | 100.0 |   N/A |   N/A | 100.0 | 105.2
       Dungeon | 100.0 | 100.0 |   N/A |   N/A | 100.0 | 105.2
               +-------+-------+-------+-------+-------+----------------------
